 Dungeon Crawl Stone Soup version 0.31-a0-803-g95b03c3367 (webtiles) character file.

Game seed: 2087796120507130217

248 Newt the Poker (level 6, -4/51 HPs)
             Began as a Merfolk Gladiator on Sept 20, 2023.
             Killed from afar by a steam dragon (21 damage)
             ... with a ball of steam
             ... on level 4 of the Dungeon.
             The game lasted 00:02:27 (2367 turns).

Newt the Poker (Merfolk Gladiator)                  Turns: 2367, Time: 00:02:28

Health: -4/51      AC:  5    Str: 17    XL:     6   Next: 12%
Magic:  15/15      EV: 13    Int: 11    God:
Gold:   270        SH:  0    Dex: 15    Spells: 5/5 levels left

rFire   . . .        m - +8 whip "Tyequol" {heavy, +Blink Fly MP+9 Int-2}
rCold   . . .        (no shield)
rNeg    . . .        b - +0 leather armour
rPois   .            c - +0 helmet
rElec   .            (no cloak)
rCorr   .            i - +0 pair of gloves
SInv    +            (no boots)
Will    .....        (no amulet)
Stlth   +            k - ring of see invisible
HPRegen 0.28/turn    l - +6 ring of intelligence
MPRegen 0.14/turn

%: no passive effects
@: flying
A: (nimble swimmer 2), mertail
a: Evoke Blink


You were on level 4 of the Dungeon.
You visited 1 branch of the dungeon, and saw 4 of its levels.

You collected 270 gold pieces.

Inventory:

Hand Weapons
 a - a +2 trident
 m - the +8 whip "Tyequol" (weapon) {heavy, +Blink Fly MP+9 Int-2}
   (You found it on level 4 of the Dungeon)

   Int-2:     It affects your intelligence (-2).
   MP+9:      It affects your magic capacity (+9).
   Fly:       It grants you flight.
   +Blink:    It lets you blink.
Missiles
 d - 3 throwing nets (quivered)
 e - 7 javelins
 j - 4 boomerangs
Armour
 b - a +0 leather armour (worn)
 c - a +0 helmet (worn)
 i - a +0 pair of gloves (worn)
Jewellery
 k - a ring of see invisible (left hand)
 l - a +6 ring of intelligence (right hand)
Wands
 n - a wand of paralysis (13)
Potions
 f - a potion of mutation
 g - 3 potions of brilliance
 h - 2 potions of curing


   Skills:
 - Level 5.0 Fighting
 + Level 6.9 Polearms
 - Level 2.0 Throwing
 - Level 4.0 Dodging


You had 5 spell levels left.
You didn't know any spells.
Your spell library contained the following spells:

 Spells                   Type           Power      Damage    Failure   Level
 Slow                     Hex            0%         N/A       41%         1
 Blink                    Tloc           0%         N/A       54%         2
 Lesser Beckoning         Tloc           0%         N/A       54%         2
 Momentum Strike          Conj/Tloc      0%         3d8       54%         2
 Confusing Touch          Hex            0%         N/A       78%         3
 Sigil of Binding         Hex            0%         N/A       78%         3
 Vampiric Draining        Necr           0%         2d6       78%         3
 Summon Forest            Summ/Tloc      0%         N/A       100%        5
 Summon Mana Viper        Hex/Summ       0%         N/A       100%        5
 Summon Cactus Giant      Summ           0%         N/A       100%        6


Dungeon Overview and Level Annotations

Branches:
Dungeon (4/15)
 Temple: D:4-7

Altars:
Makhleb
Vehumet


Innate Abilities, Weirdness & Mutations

((You are very nimble when in or above water. (Stealth+, EV+, Speed+++)))
Your lower body shifts to a powerful aquatic tail in water.


Message History

You closely miss the gnoll.
The gnoll is almost dead.
The gnoll closely misses you.
You whack the gnoll!
You kill the gnoll!
A gnoll comes into view. It is wielding a +0 halberd.
The gnoll shouts!
The gnoll barely misses you.
You whack the gnoll!
The gnoll is heavily wounded.
The gnoll barely misses you. The gnoll misses you.
A gnoll is nearby!
A gnoll is nearby!
You closely miss the gnoll.
The gnoll is heavily wounded.
The gnoll barely misses you.
You whack the gnoll!
You kill the gnoll!
No target in view!
A steam dragon comes into view.
A steam dragon is nearby!
A steam dragon is nearby!
A steam dragon is nearby!
The steam dragon breathes steam at you. The ball of steam hits you!
No target in view!
No target in view!
Unknown command.
You see here a +0 halberd.
You start resting.
A steam dragon is nearby!
The steam dragon bites you! The steam dragon misses you.
You barely miss the steam dragon. The steam dragon bites you!
The steam dragon barely misses you. The steam dragon misses you. x2
Unknown command.
You whack the steam dragon!
The steam dragon is moderately wounded.
The steam dragon breathes steam at you. The ball of steam hits you!!
You die...

#.....# ##.....#
.###'##+# #.##.....
#.##.#### ##
#######.##.# . #.
..#.......#
....##.####)#.##.####
......D@..#)#.##.#
....##.##)....##.# .
#. ###.####.# #.
#.... ..# #.
.?..###### ####...#
#...# #...# #....


You could see a steam dragon (catching breath).

Vanquished Creatures
  2 orc priests (D:3)
  7 gnolls
  4 adders
  3 worms
  2 dart slugs
  2 orcs
  5 ball pythons
  6 bats
  7 endoplasms
  6 giant cockroaches
  9 goblins
  3 hobgoblins
  6 jackals
  A quokka (D:1)
  2 frilled lizards
  8 kobolds
  A rat (D:1)
74 creatures vanquished.

Notes
Turn   | Place    | Note
-------+----------+-------------------------------------------
     0 | D:1      | Newt the Merfolk Gladiator began the quest for the Orb.
     0 | D:1      | Reached XP level 1. HP: 16/16 MP: 1/1
    87 | D:1      | Reached XP level 2. HP: 20/24 MP: 2/2
   203 | D:1      | Reached XP level 3. HP: 25/30 MP: 3/3
   744 | D:2      | Reached XP level 4. HP: 38/38 MP: 4/4
   809 | D:2      | Found a radiant altar of Vehumet.
  1021 | D:3      | Reached skill level 5 in Fighting
  1113 | D:3      | Reached XP level 5. HP: 44/44 MP: 5/5
  1121 | D:3      | Reached skill level 5 in Polearms
  1155 | D:3      | Found a faded altar of an unknown god.
  1360 | D:3      | Reached skill level 6 in Polearms
  2202 | D:4      | Identified the +8 whip "Tyequol" {heavy, +Blink Fly MP+9
                  | Int-2}
  2285 | D:4      | Found a burning altar of Makhleb.
  2314 | D:4      | Reached XP level 6. HP: 48/51 MP: 6/6
  2360 | D:4      | Noticed a steam dragon
  2367 | D:4      | Killed from afar by a steam dragon

Illustrated notes

Levels and vault maps discovered:
D:1:      erik_arrival_blinker_ship, layout_rooms, minmay_tetromino_t2
D:2:      layout_rooms, basic_altar
D:3:      layout_loops_corners, nicolae_ecumenical_oubliette,
          minmay_misc_feat_columns, minivault_19
D:4:      layout_loops_cross, mainiacjoe_overflow_24_doors, sigmund_army

Skill      XL: |  1  2  3  4  5 |
---------------+----------------+-----
Fighting       | 3 4 5 |  5.0
Polearms       | 6 |  6.9
Throwing       | |  2.0
Dodging        | |  4.0

Action                     |  1- 3 |  4- 6 || total
---------------------------+-------+-------++-------
  Melee: Trident           |   133 |   111 ||   244
         Punch             |     1 |     1 ||     2
         Whip              |       |    10 ||    10
    Use: Scroll            |       |     5 ||     5
         Potion            |       |     2 ||     2
   Stab: Sleeping          |       |     4 ||     4
 Armour: Leather armour    |    63 |    48 ||   111
  Dodge: Dodged            |    99 |    64 ||   163

Table legend: (Time is in decaauts)
 A = Elapsed time spent in this place.
 B = Non-inter-level travel time spent in this place.
 C = Inter-level travel time spent in this place.
 D = Time resting spent in this place.
 E = Time spent auto-exploring this place.
 F = Levels seen in this place.
 G = Mean time per level.
                   A        B        C        D        E       F      G
               +--------+--------+--------+--------+--------+-----+--------+
         Total |   2388 |   2350 |     38 |    204 |   1631 |   4 |  597.0 |
       Dungeon |   2388 |   2350 |     38 |    204 |   1631 |   4 |  597.0 |
               +--------+--------+--------+--------+--------+-----+--------+

Top non-repeatable levels by time:
     D:3: 1172 daAuts
     D:1: 521 daAuts
     D:2: 460 daAuts
     D:4: 234 daAuts
